 Dungeon Crawl Stone Soup version 0.21.0-24-g2553a33 (webtiles) character file.

567246 wazuzu the Axe Maniac (level 26, -20/251 HPs)
             Began as a Hill Orc Fighter on Jan 21, 2018.
             Was the Champion of Makhleb.
             Demolished by a golden dragon (26 damage)
             ... on level 3 of the Realm of Zot.
             The game lasted 03:15:43 (46636 turns).

wazuzu the Axe Maniac (Hill Orc Fighter)           Turns: 46636, Time: 03:15:44

Health: -20/251    AC: 32    Str: 25    XL:     26   Next: 84%
Magic:  38/38      EV: 20    Int:  8    God:    Makhleb [******]
Gold:   1916       SH:  0    Dex: 16    Spells: 12/25 levels left

rFire    + + .     SeeInvis +   n - +6 executioner's axe (vamp)
rCold    + + .     Gourm    .   (shield currently unavailable)
rNeg     + + +     Faith    .   a - +0 storm dragon scales
rPois    +         Spirit   .   c - -2 hat of the Alchemist {rElec rPois rF+ rC+ rN+ MR+ rMut rCorr}
rElec    +         Reflect  .   k - +1 cloak of Watchfulness {rF+ Regen+ Str-3}
rCorr    +         Harm     .   E - +1 pair of gloves "Uriefupu" {Dex+3}
rMut     +                      x - +2 pair of boots {run}
MR       +++..                  h - amulet of Miciest {RegenMP rF- rN++ MR+ SInv}
Stlth    ..........             G - ring "Wuhewn" {rPois rC+ AC+5}
HPRegen  0.91/turn              R - ring of protection from fire
MPRegen  0.51/turn

@: lethally poisoned (-20 -> -20), quick
A: no striking features
}: 3/15 runes: decaying, serpentine, abyssal
a: Minor Destruction, Lesser Servant of Makhleb, Major Destruction, Greater
Servant of Makhleb, Renounce Religion


You were on level 3 of the Realm of Zot.
You worshipped Makhleb.
Makhleb was exalted by your worship.
You were not hungry.

You visited 10 branches of the dungeon, and saw 47 of its levels.
You visited the Abyss 2 times.
You visited 1 bazaar.
You also visited: Sewer, Ossuary, Bailey, Ice Cave and Wizlab.

You collected 5233 gold pieces.
You spent 3317 gold pieces at shops.

Inventory:

Hand Weapons
 n - a +6 vampiric executioner's axe (weapon)
Missiles
 p - 2 throwing nets (quivered)
Armour
 a - +0 storm dragon scales (worn)
 c - the -2 hat of the Alchemist (worn) {rElec rPois rF+ rC+ rN+ MR+ rMut rCorr}
   (You bought it in a shop in a bazaar)

   It protects you from fire.
   It protects you from cold.
   It insulates you from electricity.
   It protects you from poison.
   It protects you from negative energy.
   It affects your resistance to hostile enchantments.
   It protects you from acid and corrosion.
   It protects you from mutation.
 k - the +1 cloak of Watchfulness (worn) {rF+ Regen+ Str-3}
   (You acquired it on level 15 of the Dungeon)

   It affects your strength (-3).
   It protects you from fire.
   It increases your rate of regeneration.
 x - a +2 pair of boots of running (worn)
 E - the +1 pair of gloves "Uriefupu" (worn) {Dex+3}
   (You took it off Nikola on level 3 of the Snake Pit)

   It affects your dexterity (+3).
Jewellery
 h - the amulet of Miciest (around neck) {RegenMP rF- rN++ MR+ SInv}
   (You bought it in a shop in a bazaar)

   [amulet of magic regeneration]

   It increases your magic regeneration.
   It makes you vulnerable to fire.
   It greatly protects you from negative energy.
   It affects your resistance to hostile enchantments.
   It lets you see invisible.
 t - the ring "Plog" {rElec rN+ Str+5 Int+4}
   (You found it on level 1 of the Abyss)

   [ring of strength]

   It affects your strength (+5).
   It affects your intelligence (+4).
   It insulates you from electricity.
   It protects you from negative energy.
 G - the ring "Wuhewn" (left hand) {rPois rC+ AC+5}
   (You bought it in a shop on level 6 of the Dungeon)

   [ring of protection]

   It affects your AC (+5).
   It protects you from cold.
   It protects you from poison.
 R - a ring of protection from fire (right hand)
Wands
 w - a wand of disintegration (42)
 y - a wand of flame (37)
 C - a wand of paralysis (34)
 I - a wand of acid (32)
 J - a wand of digging (71)
 K - a wand of scattershot (11)
 P - a wand of iceblast (43)
 W - a wand of enslavement (18)
Scrolls
 b - 7 scrolls of identify
 d - 6 scrolls of fear
 e - 3 scrolls of blinking
 j - 2 scrolls of silence
 o - 23 scrolls of teleportation
 q - 2 scrolls of fog
 v - 5 scrolls of enchant armour
 z - a scroll of amnesia
 B - 2 scrolls of magic mapping
 L - 2 scrolls of holy word
 N - 16 scrolls of remove curse
 O - a scroll of brand weapon
 S - 2 scrolls of summoning
Potions
 g - 2 potions of cancellation
 i - 11 potions of heal wounds
 l - 3 potions of ambrosia
 m - 28 potions of curing
 r - 13 potions of resistance
 s - 10 potions of mutation
 u - 7 potions of haste
 A - 3 potions of invisibility
 D - 4 potions of magic
 H - 6 potions of agility
 Q - 3 potions of flight
 V - 3 potions of might
Books
 T - a book of the Sky

   Spells                             Type                      Level
   a - Summon Lightning Spire         Summoning/Air                4
   b - Silence                        Hexes/Air                    5
   c - Deflect Missiles               Charms/Air                   6
   d - Conjure Ball Lightning         Conjuration/Air              6
   e - Tornado                        Air                          9
 U - a book of the Warp

   Spells                             Type                      Level
   a - Gell's Gravitas                Translocation                3
   b - Portal Projectile              Hexes/Translocation          3
   c - Force Lance                    Conjuration/Translocation    4
   d - Dispersal                      Translocation                6
   e - Controlled Blink               Translocation                8
   f - Disjunction                    Translocation                8
 Z - a book of Enchantments

   Spells                             Type                      Level
   a - Cause Fear                     Hexes                        4
   b - Yara's Violent Unravelling     Hexes/Transmutation          5
   c - Silence                        Hexes/Air                    5
   d - Deflect Missiles               Charms/Air                   6
   e - Discord                        Hexes                        8
Miscellaneous
 F - a phantom mirror
Comestibles
 f - 75 rations


   Skills:
 + Level 23.6 Fighting
 O Level 27 Axes
 - Level 21.7 Armour
 - Level 17.2 Dodging
   Level 3.2 Shields
 - Level 22.3 Invocations


You had 12 spell levels left.
You knew the following spells:

 Your Spells              Type           Power        Failure   Level  Hunger
a - Apportation           Tloc           #.....       77%         1    ##.....
b - Spectral Weapon       Hex/Chrm       #.......     98%         3    ####...
c - Blink                 Tloc           N/A          88%         2    ###....
d - Passage of Golubria   Tloc           N/A          100%        4    #####..
e - Lesser Beckoning      Tloc           #.........   98%         3    ####...


Dungeon Overview and Level Annotations

Branches:
Dungeon (15/15)            Temple (1/1) D:5            Lair (6/6) D:10
  Swamp (4/4) Lair:3        Snake (4/4) Lair:4        Slime (0/5) Lair:6
    Orc (2/2) D:11            Elf (3/3) Orc:2        Vaults (4/5) D:13
  Crypt (0/3) Vaults:3     Depths (5/5) D:15            Zot (3/5) Depths:5

Altars:
Ashenzari
Cheibriados
Dithmenos
Elyvilon
Fedhas
Gozag
Hepliaklqana
Makhleb
Nemelex Xobeh
Okawaru
Qazlal
Ru
Sif Muna
Wu Jian
Xom
Zin
The Shining One

Shops:
D:6 =   D:7 }   D:9 ?   Orc:2 *(::   Snake:1 *=:!   Snake:3 =}}   Vaults:2 *
Vaults:3 %   Depths:3 :   Depths:5 ?

Portals:
Hell: Depths:1 Depths:2 Depths:3 Depths:4 Depths:5
Abyss: Depths:1 Depths:3
Pandemonium: Depths:3 Depths:4 Depths:5
Ziggurat: Depths:1
Trove: Elf:1 (give 22 scrolls of identify)

Annotations:
Depths:4 potom proverit vault, exclusion: orange crystal statue


Message History

You slash the golden dragon!
You feel better.
You slash the shadow dragon!
You feel sick.
The quicksilver dragon rages.
The golden dragon bites you but does no damage.
The golden dragon claws you!!
* * * LOW HITPOINT WARNING * * *
The golden dragon tramples you but does no damage.
The moth of wrath bites you but does no damage.
The shadow dragon misses you.
The shadow dragon claws you but does no damage. x2
You feel much better. The golden dragon bites you!
* * * LOW HITPOINT WARNING * * *
The golden dragon claws you but does no damage.
The golden dragon tramples you but does no damage.
The shadow dragon misses you. The shadow dragon claws you.
* * * LOW HITPOINT WARNING * * *
The shadow dragon claws you!
* * * LOW HITPOINT WARNING * * *
The golden dragon bites you!!
You die...

#.....# #.....#
'.....# # #.....#
..#. #.+.....# .
..#. #.#.....##.#
....#.#...%..X.#
##..#.d@d....#
.....DDqD..#.#
####...y#q...#
#.⌠.dqdd.#####
#..#..†......#
#..#.#)..d...###.
##...#.<.........
######..........
#...........


You could see a shadow dragon (berserk), a tentacled monstrosity, a purple
draconian monk (berserk), a golden dragon (berserk), 3 draconians, a green
draconian, a purple draconian (berserk), a red draconian (berserk), a white
draconian shifter, a quicksilver dragon (berserk), a red draconian annihilator
and a moth of wrath.

Vanquished Creatures
  An ancient lich (Depths:4)
  Frederick (Depths:4)
  the Lernaean hydra (Swamp:4)
  Margery (Vaults:3)
  Bai Suzhen (Depths:3)
  A golden dragon (Zot:3)
  Nikola (Snake:3)
  2 bone dragons
  12 tentacled monstrosities
  Rupert (D:13)
  A titan (Depths:3)
  3 liches
  3 quicksilver dragons
  A sphinx (Depths:2)
  5 tentacled starspawn
  7 death cobs
  3 Executioners (Abyss:3)
  2 thorn hunters
  6 storm dragons
  2 draconian monks
  6 shadow dragons
  A tengu reaver (Depths:3)
  The ghost of microfolk the Warrior, a journeyman MiFi of Yredelemnul (Elf:1)
  11 fire giants
  10 nagarajas
  Roxanne (D:15)
  The ghost of Bazinga the Scorcher, an adept DEFE of Vehumet (Elf:2)
  An iron dragon (Depths:5)
  A draconian knight (Zot:2)
  8 vault wardens
  4 draconian scorchers
  2 ghouls (Vaults:4)
  A deep elf sorcerer (Vaults:3)
  10 frost giants
  A spriggan defender (Depths:3)
  10 ironheart preservers
  3 war gargoyles
  4 green draconians
  A draconian annihilator (Zot:1)
  13 stone giants
  39 very ugly things
  Nessos (Lair:6)
  2 entropy weavers
  4 dire elephants (Lair:6)
  A deep elf annihilator (Elf:1)
  4 white draconians
  A yellow draconian (Zot:1)
  4 black draconians
  6 purple draconians
  Azrael (D:15)
  2 orange crystal statues
  3 spark wasps (Depths:3)
  4 red draconians
  11 ettins
  Snorg (D:12)
  The ghost of mopl the Spear-Bearer, a journeyman CeGl of Okawaru (D:11)
  2 crystal guardians (Vaults:3)
  A deep elf death mage (Vaults:2)
  25 hydras
  18 yaktaur captains
  2 deep elf high priests
  13 fire dragons
  A peacekeeper (Vaults:1)
  9 rakshasas
  13 ogre magi
  15 ice dragons
  10 great orbs of eyes
  11 centaur warriors
  A vault guard (Vaults:1)
  2 ghost crabs (Swamp:4)
  38 two-headed ogres
  14 naga warriors
  A death yak (shapeshifter) (Depths:5)
  5 death knights
  8 anacondas
  Erica (Lair:2)
  6 spriggan air magi
  4 vampire magi
  28 dancing weapons
  8 alligators
  A satyr (Abyss:3)
  7 deep troll shamans
  7 deep troll earth magi
  4 thrashing horrors (Abyss:3)
  10 death yaks
  8 tengu warriors
  5 naga sharpshooters
  Urug (D:13)
  5 spriggan berserkers
  19 deep elf knights
  2 soul eaters (Vaults:3)
  10 wretched stars
  6 shock serpents
  3 iron trolls
  A fire crab (Lair:6)
  A salamander mystic (Snake:4)
  2 skeletal warriors
  A sixfirhy (Abyss:3)
  5 shadow wraiths
  3 unseen horrors
  An entropy weaver zombie (Vaults:1)
  A spatial maelstrom (Abyss:3)
  16 swamp dragons
  6 flayed ghosts (Depths:4)
  A spriggan druid (Swamp:2)
  Pikel (D:4)
  4 glowing orange brains
  9 sea snakes (Snake:4)
  27 deep trolls
  5 phantasmal warriors
  2 wizards
  4 naga ritualists
  10 deep elf archers
  2 shambling mangroves
  A spectral hydra (Depths:4)
  3 harpies (Vaults:3)
  3 necromancers
  9 orc knights
  16 ironbrand convokers
  2 oklob plants
  A wolf spider (shapeshifter) (Vaults:3)
  2 worldbinders (Abyss:3)
  42 deep elf magi
  2 cyclopes (shapeshifter)
  56 ugly things
  8 mana vipers
  3 manticores
  8 salamanders
  4 wolf spiders
  13 moths of wrath
  10 cyclopes
  A moth of wrath (shapeshifter) (Vaults:3)
  A frost giant skeleton (Vaults:1)
  A fire giant skeleton (Vaults:1)
  15 naga magi
  20 elephants
  Joseph (D:9)
  2 apocalypse crabs (Abyss:3)
  32 black mambas
  The ghost of bmj180 the Chopper, a novice HOFi of Okawaru (D:5)
  8 guardian serpents (Snake:4)
  17 vault sentinels
  A gargoyle (D:15)
  A guardian serpent (shapeshifter) (Depths:4)
  15 spiny frogs
  An ice statue (IceCv)
  A torpor snail (Lair:6)
  15 large abominations
  9 smoke demons
  2 rime drakes
  10 komodo dragons
  5 freezing wraiths
  A rime drake (shapeshifter) (Vaults:2)
  A komodo dragon (shapeshifter) (Depths:2)
  A yaktaur (shapeshifter) (Vaults:4)
  An efreet (D:13)
  4 ancient zymes (Abyss:3)
  52 yaktaurs
  An anaconda simulacrum (Depths:4)
  3 tengu conjurers
  A jumping spider (shapeshifter) (D:10)
  2 spectral merfolk (Depths:4)
  8 hornets
  11 polar bears
  A shadow dragon simulacrum (Abyss:3)
  5 tyrant leeches
  18 bog bodies
  13 trolls
  6 meliai
  A hornet (shapeshifter) (Vaults:4)
  13 raiju
  26 slime creatures
  2 saltlings (Vaults:1)
  A sphinx simulacrum (Vaults:3)
  23 blink frogs
  A snapping turtle (shapeshifter) (Depths:5)
  6 hippogriffs
  An ice dragon zombie (Vaults:1)
  12 air elementals
  A redback (shapeshifter) (Depths:2)
  A hippogriff (shapeshifter) (Vaults:4)
  10 shadows
  Sigmund (D:4)
  23 starcursed masses
  6 spriggans
  16 humans (D:13)
  7 water elementals
  4 vampires
  4 wyverns
  62 yaks
  5 fire elementals
  A yak (shapeshifter) (Vaults:1)
  7 small abominations
  3 ynoxinuls (Abyss:3)
  8 hungry ghosts
  8 wraiths
  A basilisk (Lair:6)
  18 vampire mosquitoes
  A catoblepas simulacrum (Abyss:3)
  2 neqoxecs (Abyss:3)
  Menkaure (D:4)
  Edmund (D:5)
  7 insubstantial wisps
  42 nagas
  4 wargs
  2 acid dragons (Vaults:2)
  3 spatial vortices (Abyss:3)
  16 swamp worms
  A hydra simulacrum (Depths:4)
  2 floating eyes
  9 hell hounds
  An ogre skeleton (Vaults:1)
  2 spectral trolls (Depths:4)
  16 swamp drakes
  19 water moccasins
  9 porcupines
  18 orc warriors
  5 sky beasts
  3 spectral spriggans (Depths:4)
  11 ice beasts
  2 eyes of draining (D:11)
  2 phantoms
  A black bear (D:6)
  41 ogres
  A necrophage (D:5)
  50 wolves
  3 boggarts (Depths:1)
  8 centaurs
  10 crocodiles
  3 human skeletons (Vaults:1)
  2 big kobolds
  2 earth elementals
  14 bullfrogs
  A merfolk simulacrum (Depths:4)
  A wyvern zombie (D:14)
  2 wyvern skeletons (D:14)
  5 scorpions
  2 spectral nagas (Depths:4)
  4 spectral ogres (Depths:4)
  18 wights
  7 howler monkeys
  5 electric eels
  A spectral centaur (Depths:4)
  2 bullfrog zombies
  9 crimson imps
  3 quasits
  A centaur zombie (D:11)
  2 human simulacra (Vaults:1)
  8 hounds
  5 jellies
  11 orc priests
  2 bullfrog skeletons
  4 centaur skeletons
  An iron imp (Depths:2)
  Jessica (D:2)
  A gnoll shaman (D:7)
  8 iguanas
  21 orc wizards
  2 spriggan simulacra (Depths:4)
  9 worker ants
  5 hell rats (Lair:6)
  A troll simulacrum (Depths:4)
  5 big kobold zombies (Ossuary)
  8 ogre zombies (D:11)
  A hound zombie (D:10)
  3 hound skeletons
  2 mummies
  A worker ant zombie (D:7)
  17 gnolls
  4 howler monkey skeletons
  24 adders
  A naga simulacrum (Depths:4)
  A river rat (Sewer)
  3 shadow imps
  2 white imps (Abyss:3)
  2 ufetubi (Abyss:3)
  2 oozes
  3 adder skeletons
  6 worms
  4 leopard geckos
  55 orcs
  A spectral bat (Ossuary)
  4 giant cockroaches
  7 gnoll zombies (Ossuary)
  7 goblins
  14 hobgoblins
  13 jackals
  6 quokkas
  2 ball pythons
  6 bats
  2 bat simulacra (Ossuary)
  6 frilled lizards
  A goblin simulacrum (Ossuary)
  3 goblin skeletons (D:11)
  6 goblin zombies
  3 hobgoblin skeletons (D:11)
  6 hobgoblin zombies
  A jackal skeleton (D:4)
  29 kobolds
  5 kobold simulacra (Ossuary)
  4 kobold zombies (Ossuary)
  A leopard gecko zombie (D:4)
  An orc skeleton (D:11)
  20 orc zombies
  A quokka skeleton (D:6)
  6 rats
  6 rat simulacra (Ossuary)
  3 spectral goblins (Ossuary)
  4 spectral kobolds (Ossuary)
  2 spectral rats (Ossuary)
  5 briar patches
  A butterfly (Lair:5)
  A crawling corpse (Vaults:2)
  4 fungi
  2 lurking horrors (Abyss:3)
  5 plants
  5 starspawn tentacles
2192 creatures vanquished.

Vanquished Creatures (collateral kills)
  Asterion (Vaults:3)
  A dire elephant (Lair:6)
  A hell knight (Vaults:3)
  3 necromancers (Vaults:3)
  A cyclops (Orc:1)
  A smoke demon (Abyss:3)
  A blink frog (Lair:5)
  A warg (Orc:1)
  A floating eye (shapeshifter) (Abyss:3)
  An orc warrior (Orc:1)
  2 wights (Abyss:3)
  2 orc priests (Orc:1)
  A gnoll (Bailey)
  An orc (Orc:1)
18 creatures vanquished.

Vanquished Creatures (others)
  A fire giant (Depths:5)
  A deep troll earth mage (Depths:3)
  A spriggan (Swamp:4)
  A spatial maelstrom (Abyss:3)
  A necromancer (Vaults:3)
  An ugly thing (Swamp:4)
  A black mamba (Snake:1)
  A naga mage (Snake:3)
  3 hornets (Swamp:4)
  An air elemental (Depths:5)
  4 golden eyes (Abyss:3)
  A naga (Snake:4)
  A slave (D:4)
  A wolf (IceCv)
  A wight (Abyss:3)
  An adder (D:4)
  2 briar patches (Abyss:3)
  15 fungi
  A lurking horror (Abyss:3)
  7 plants
  11 starspawn tentacles
57 creatures vanquished.

Grand Total: 2267 creatures vanquished

Notes
Turn   | Place    | Note
-------+----------+-------------------------------------------
     0 | D:1      | wazuzu the Hill Orc Fighter began the quest for the Orb.
     0 | D:1      | Reached XP level 1. HP: 19/19 MP: 1/1
   162 | D:1      | Reached skill level 3 in Axes
   176 | D:1      | Reached XP level 2. HP: 24/26 MP: 2/2
   379 | D:1      | Reached skill level 4 in Axes
   663 | D:2      | Found a sparkling altar of Nemelex Xobeh.
   761 | D:2      | Reached XP level 3. HP: 27/31 MP: 3/3
   772 | D:2      | Noticed Jessica
   778 | D:2      | Killed Jessica
   778 | D:2      | Reached skill level 5 in Axes
  1001 | D:2      | Found an opulent altar of Gozag.
  1171 | D:2      | Found a glowing silver altar of Zin.
  1243 | D:3      | Reached XP level 4. HP: 35/39 MP: 4/4
  1267 | D:3      | Reached skill level 6 in Axes
  1271 | D:3      | Found an iron altar of Okawaru.
  1273 | D:3      | Found a hazy altar of Hepliaklqana.
  1274 | D:3      | Found a blossoming altar of Fedhas.
  1556 | D:3      | Reached XP level 5. HP: 23/45 MP: 5/5
  1732 | D:3      | Reached skill level 7 in Axes
  2123 | D:4      | Noticed Menkaure
  2127 | D:4      | Killed Menkaure
  2127 | D:4      | Reached skill level 8 in Axes
  2127 | D:4      | Reached XP level 6. HP: 32/51 MP: 6/6
  2219 | D:4      | Reached skill level 9 in Axes
  2545 | D:4      | Noticed Sigmund
  2563 | D:4      | Killed Sigmund
  2563 | D:4      | Reached XP level 7. HP: 47/60 MP: 7/7
  2641 | D:4      | Noticed Pikel
  2653 | D:4      | Killed Pikel
  2653 | D:4      | Reached skill level 11 in Axes
  2653 | D:4      | Reached XP level 8. HP: 59/71 MP: 8/8
  2683 | D:4      | Found an ornate altar of the Wu Jian Council.
  2709 | D:4      | Found a sacrificial altar of Ru.
  3349 | D:5      | Entered Level 5 of the Dungeon
  3349 | D:5      | Found a staircase to the Ecumenical Temple.
  3363 | Temple   | Entered the Ecumenical Temple
  3408 | Temple   | Became a worshipper of Makhleb the Destroyer
  3555 | D:5      | Noticed bmj180's ghost (novice HOFi)
  3572 | D:5      | Killed bmj180's ghost
  3572 | D:5      | Reached skill level 12 in Axes
  3572 | D:5      | Reached XP level 9. HP: 54/82 MP: 9/9
  3729 | D:5      | Found a glowing drain.
  3750 | D:5      | Reached * piety under Makhleb
  3760 | Sewer    | Entered a sewer
  4246 | D:5      | Noticed Edmund
  4255 | D:5      | Killed Edmund
  4639 | D:6      | Found Veiqus's Jewellery Emporium.
  4693 | D:6      | Reached ** piety under Makhleb
  4714 | D:6      | Learned a level 1 spell: Apportation
  4892 | D:6      | Reached skill level 13 in Axes
  5059 | D:6      | Found a blossoming altar of Fedhas.
  5170 | D:6      | Found a snail-covered altar of Cheibriados.
  5421 | D:6      | Reached skill level 10 in Fighting
  5638 | D:7      | Found a sand-covered staircase.
  5648 | Ossuary  | Entered an ossuary
  5668 | Ossuary  | Reached *** piety under Makhleb
  5811 | Ossuary  | Reached XP level 10. HP: 83/94 MP: 10/10
  6022 | Ossuary  | Reached **** piety under Makhleb
  6131 | D:7      | Reached skill level 14 in Axes
  6420 | D:7      | Found Jesuut's Gadget Shoppe.
  6767 | D:8      | Found a shimmering altar of Xom.
  7123 | D:8      | Found a sacrificial altar of Ru.
  7162 | D:8      | Reached skill level 15 in Axes
  7378 | D:9      | Noticed Joseph
  7384 | D:9      | Killed Joseph
  7395 | D:9      | Found Haufricw's Magic Scroll Shoppe.
  7400 | D:9      | Bought a scroll of enchant weapon for 82 gold pieces
  7400 | D:9      | Bought a scroll of random uselessness for 11 gold pieces
  8558 | D:10     | Entered Level 10 of the Dungeon
  8588 | D:10     | Reached skill level 16 in Axes
  8599 | D:10     | Found a staircase to the Lair.
  8606 | D:10     | Reached XP level 11. HP: 104/104 MP: 11/11
  8655 | D:10     | Noticed a two-headed ogre
  8662 | D:10     | Killed a two-headed ogre
  8698 | D:10     | Noticed a two-headed ogre
  8707 | D:10     | Killed a two-headed ogre
  8707 | D:10     | Reached skill level 17 in Axes
  8742 | D:10     | Noticed a salamander
  8742 | D:10     | a salamander changed into a yaktaur
  8746 | D:10     | Noticed a swamp dragon
  8746 | D:10     | a wind drake changed into a swamp dragon
  8767 | D:10     | a swamp dragon changed into a jumping spider
  9057 | D:10     | Reached ***** piety under Makhleb
  9101 | D:10     | Killed an unseen horror
  9226 | D:11     | Noticed mopl's ghost (journeyman CeGl)
  9233 | D:11     | Reached skill level 1 in Invocations
  9273 | D:11     | Killed mopl's ghost
  9349 | D:11     | Found a flagged portal.
  9356 | Bailey   | Entered a bailey
  9534 | Bailey   | Noticed an orc knight
  9564 | Bailey   | Killed an orc knight
  9564 | Bailey   | Reached skill level 5 in Invocations
 10113 | D:11     | Found a staircase to the Orcish Mines.
 10184 | D:11     | Noticed a two-headed ogre
 10191 | D:11     | Killed a two-headed ogre
 10323 | D:11     | Got a pitted lead amulet
 10324 | D:11     | Identified the amulet "Moqimi" {Harm *Drain Dex+4} (You found it on level 11 of the Dungeon)
 10392 | D:11     | Reached XP level 12. HP: 112/112 MP: 18/18
 10717 | Orc:1    | Entered Level 1 of the Orcish Mines
 10717 | Orc:1    | Noticed an ettin
 10894 | Lair:1   | Entered Level 1 of the Lair of Beasts
 11171 | Lair:1   | Reached skill level 18 in Axes
 12013 | Lair:2   | Reached skill level 5 in Armour
 12025 | Lair:2   | Reached ****** piety under Makhleb
 12031 | Lair:2   | Reached skill level 10 in Invocations
 12229 | Lair:2   | Noticed Erica
 12233 | Lair:2   | Killed Erica
 13165 | Lair:3   | Noticed a death yak
 13166 | Lair:3   | Noticed a death yak
 13166 | Lair:3   | Noticed a death yak
 13167 | Lair:3   | Noticed a death yak
 13170 | Lair:3   | Noticed a death yak
 13173 | Lair:3   | Killed a death yak
 13173 | Lair:3   | Reached XP level 13. HP: 94/118 MP: 21/21
 13181 | Lair:3   | Reached skill level 19 in Axes
 13497 | Lair:3   | Found a staircase to the Swamp.
 13954 | Lair:4   | Got a spiked leather armour
 13955 | Lair:4   | Identified the +5 leather armour "Beedd" {Regen+ Dex+2 Stlth-} (You found it on level 4 of the Lair of Beasts)
 14009 | Lair:4   | Found a staircase to the Snake Pit.
 15032 | Lair:5   | Reached skill level 20 in Axes
 15032 | Lair:5   | Reached skill level 10 in Armour
 15457 | Lair:5   | Reached XP level 14. HP: 101/126 MP: 23/23
 15745 | Lair:6   | Entered Level 6 of the Lair of Beasts
 15745 | Lair:6   | Noticed Nessos
 15753 | Lair:6   | Killed Nessos
 15942 | Lair:6   | Reached skill level 1 in Dodging
 16207 | Lair:6   | Found a staircase to the Slime Pits.
 16421 | Lair:6   | Cast into level 3 of the Abyss (a Zot trap)
 16597 | Abyss:3  | Noticed a tentacled starspawn
 16618 | Abyss:3  | Killed a tentacled starspawn
 16628 | Abyss:3  | Reached XP level 15. HP: 83/135 MP: 24/24
 16790 | Lair:6   | Escaped the Abyss
 17987 | D:6      | Bought the ring "Wuhewn" {rPois rC+ AC+5} for 1024 gold pieces
 18234 | Orc:2    | Entered Level 2 of the Orcish Mines
 18271 | Orc:2    | Found a frozen archway.
 18296 | IceCv    | Entered an ice cave
 18408 | IceCv    | Reached skill level 21 in Axes
 18491 | IceCv    | Reached skill level 5 in Dodging
 18661 | IceCv    | Noticed a frost giant
 18692 | IceCv    | Killed a frost giant
 18901 | Orc:2    | Found Woraem's Book Shop.
 19182 | Orc:2    | Found a staircase to the Elven Halls.
 19206 | Orc:1    | Reached XP level 16. HP: 129/146 MP: 26/26
 19555 | Orc:2    | Found Meusuu Dufell's Book Shop.
 19562 | Orc:2    | Found Ugris's Antique Weapon Shoppe.
 19575 | Orc:2    | Found Qiyretre's General Store.
 19579 | Orc:2    | Identified a scroll of acquirement
 20004 | D:12     | Noticed Snorg
 20013 | D:12     | Killed Snorg
 20102 | D:12     | You fall through a shaft for 2 floors!
 20226 | D:13     | Found a white marble altar of Elyvilon.
 20901 | D:13     | Identified the Incunabulum of Shape Shifting and Talismans
 20930 | D:13     | Learned a level 3 spell: Spectral Weapon
 20935 | D:13     | Learned a level 2 spell: Blink
 20941 | D:13     | Learned a level 4 spell: Passage of Golubria
 20945 | D:13     | Learned a level 3 spell: Lesser Beckoning
 21056 | D:13     | Noticed Urug
 21058 | D:13     | Noticed Rupert
 21065 | D:13     | Killed Urug
 21065 | D:13     | Reached skill level 15 in Invocations
 21070 | D:13     | Killed Rupert
 21110 | D:13     | Found a gate to the Vaults.
 22171 | D:14     | Found a stormy altar of Qazlal.
 22598 | D:15     | Entered Level 15 of the Dungeon
 22654 | D:15     | Noticed Azrael
 22678 | D:15     | Killed Azrael
 22678 | D:15     | Reached skill level 15 in Fighting
 22752 | D:15     | Found a staircase to the Depths.
 22770 | D:15     | Reached XP level 17. HP: 150/156 MP: 28/28
 23082 | D:15     | Noticed Roxanne
 23102 | D:15     | Killed Roxanne
 23102 | D:15     | Reached skill level 22 in Axes
 23107 | D:15     | Got a distressingly furry cloak
 23109 | D:15     | Identified the +1 cloak of Watchfulness {rF+ Regen+ Str-3} (You acquired it on level 15 of the Dungeon)
 23474 | Swamp:1  | Entered Level 1 of the Swamp
 23560 | Swamp:1  | Paralysed by a hornet for 1 turns
 24474 | Swamp:2  | Reached skill level 15 in Armour
 25726 | Swamp:4  | Entered Level 4 of the Swamp
 25738 | Swamp:4  | Paralysed by a hornet for 1 turns
 25968 | Swamp:4  | Reached skill level 23 in Axes
 26026 | Swamp:4  | Reached XP level 18. HP: 155/166 MP: 30/30
 26293 | Swamp:4  | Noticed the 27-headed Lernaean hydra
 26301 | Swamp:4  | Killed the 27-headed Lernaean hydra
 26376 | Swamp:4  | Got a decaying rune of Zot
 26911 | Elf:1    | Entered Level 1 of the Elven Halls
 26991 | Elf:1    | Reached skill level 24 in Axes
 27371 | Elf:1    | Noticed microfolk's ghost (journeyman MiFi)
 27394 | Elf:1    | Killed microfolk's ghost
 27522 | Elf:1    | Found a portal to a secret trove of treasure.
 27897 | Elf:2    | Found a flickering gateway to a bazaar.
 27906 | Bazaar   | Entered a bazaar
 27908 | Bazaar   | Found Labb's Jewellery Boutique.
 27912 | Bazaar   | Found Puik Hoka's Armour Boutique.
 27912 | Bazaar   | Found Jeruruf's Antique Armour Boutique.
 27913 | Bazaar   | Found Vayschat's Antique Armour Boutique.
 27918 | Bazaar   | Bought the -2 hat of the Alchemist {rElec rPois rF+ rC+ rN+ MR+ rMut rCorr} for 755 gold pieces
 27918 | Bazaar   | Found the -2 hat of the Alchemist {rElec rPois rF+ rC+ rN+ MR+ rMut rCorr}
 27955 | Bazaar   | Bought the amulet of Miciest {RegenMP rF- rN++ MR+ SInv} for 503 gold pieces
 27977 | Bazaar   | Bought a pair of embroidered gloves for 120 gold pieces
 27977 | Bazaar   | Bought a pair of runed boots for 120 gold pieces
 27997 | Bazaar   | Identified a +1 pair of boots of running (You bought it in a shop in a bazaar)
 28129 | Elf:2    | Noticed Bazinga's ghost (adept DEFE)
 28159 | Elf:2    | Killed Bazinga's ghost
 28159 | Elf:2    | Reached skill level 25 in Axes
 28249 | Elf:2    | Found a runed gate.
 28249 | Elf:2    | Found a runed gate.
 28253 | Elf:2    | Found a runed gate.
 28946 | Elf:2    | Reached XP level 19. HP: 142/172 MP: 31/31
 28967 | Elf:2    | Reached skill level 26 in Axes
 29165 | Elf:3    | Entered Level 3 of the Elven Halls
 29456 | Snake:1  | Entered Level 1 of the Snake Pit
 29647 | Snake:1  | Found Damam's Book Shoppe.
 29647 | Snake:1  | Found Xeloriry's Distillery.
 29650 | Snake:1  | Found Xosu's Assorted Antiques.
 29650 | Snake:1  | Found Xiqughar's Jewellery Shoppe.
 29811 | Snake:1  | Got a pair of shimmering boots
 29812 | Snake:1  | Identified the +2 pair of boots of the Lute {Int+3} (You found it on level 1 of the Snake Pit)
 30208 | Snake:2  | You fall through a shaft!
 30295 | Snake:3  | Found a stormy altar of Qazlal.
 30413 | Snake:3  | Noticed Nikola
 30441 | Snake:3  | Killed Nikola
 30466 | Snake:3  | Got a pair of warped gloves
 30504 | Snake:3  | Found Bikhlin's Jewellery Shop.
 30504 | Snake:3  | Found Ymijaemu's Gadget Emporium.
 30505 | Snake:3  | Found Yngeum's Gadget Emporium.
 30522 | Snake:3  | Identified the +1 pair of gloves "Uriefupu" {Dex+3} (You took it off Nikola on level 3 of the Snake Pit)
 31106 | Snake:4  | Entered Level 4 of the Snake Pit
 31874 | Snake:4  | Reached XP level 20. HP: 174/180 MP: 32/32
 32017 | Snake:4  | Reached skill level 10 in Dodging
 32046 | Snake:4  | Got a serpentine rune of Zot
 32405 | Vaults:1 | Entered Level 1 of the Vaults
 32584 | Vaults:1 | Reached skill level 27 in Axes
 34242 | Vaults:2 | Reached XP level 21. HP: 188/188 MP: 35/35
 34820 | Vaults:2 | Found Wiaxoss's Assorted Antiques.
 34827 | Vaults:2 | Bought a notched pearl ring for 190 gold pieces
 34827 | Vaults:2 | Bought a scroll labeled MOW OWNEJING for 38 gold pieces
 34827 | Vaults:2 | Bought a scroll of teleportation for 114 gold pieces
 35270 | Vaults:3 | Found a staircase to the Crypt.
 35492 | Vaults:3 | Noticed Asterion
 35512 | Vaults:3 | Noticed Margery
 35515 | Vaults:3 | Killed Asterion
 35520 | Vaults:3 | Killed Margery
 35915 | Vaults:3 | Found Ixoseg's Food Shop.
 36500 | Vaults:3 | Noticed a shard shrike
 36500 | Vaults:3 | an iron giant changed into a shard shrike
 36517 | Vaults:3 | Noticed a juggernaut
 36517 | Vaults:3 | a shard shrike changed into a juggernaut
 36518 | Vaults:3 | a juggernaut changed into an iron dragon
 36711 | Vaults:4 | Reached XP level 22. HP: 171/200 MP: 36/36
 37784 | Depths:1 | Entered Level 1 of the Depths
 37785 | Depths:1 | Found a gateway to a ziggurat.
 37910 | Depths:1 | Found a one-way gate to the infinite horrors of the Abyss.
 37979 | Depths:1 | Found a gateway to Hell.
 38432 | Depths:2 | Found a magical portal.
 38457 | Depths:2 | Paralysed by a floating eye for 4 turns
 38464 | Depths:2 | Paralysed by a floating eye for 3 turns
 38489 | WizLab   | Entered Wucad Mu's Monastery
 38799 | WizLab   | Found the +9 staff of Wucad Mu {channel}
 39296 | Depths:2 | Reached XP level 23. HP: 211/211 MP: 38/38
 39331 | Depths:2 | Reached XP level 24. HP: 218/218 MP: 38/38
 39435 | Depths:2 | Got a faintly humming scale mail
 39575 | Depths:2 | Identified the cursed +0 scale mail "Numuiwk" {rC++ rN+} (You found it on level 2 of the Depths)
 40498 | Depths:3 | Found Qatip's Book Emporium.
 40503 | Depths:3 | Found a one-way gate leading to the halls of Pandemonium.
 40742 | Depths:3 | Noticed Bai Suzhen
 40771 | Depths:3 | Killed Bai Suzhen
 40810 | Depths:3 | Reached skill level 15 in Dodging
 41705 | Depths:3 | Found a stormy altar of Qazlal.
 41936 | Depths:4 | Reached XP level 25. HP: 231/231 MP: 38/38
 41962 | Depths:4 | You fall through a shaft!
 41962 | Depths:5 | Entered Level 5 of the Depths
 42497 | Depths:5 | Found a gate to the Realm of Zot.
 42621 | Depths:5 | Found Lodd's Magic Scroll Shoppe.
 42662 | Depths:5 | Bought a scroll of enchant weapon for 180 gold pieces
 42662 | Depths:5 | Bought a scroll of enchant weapon for 180 gold pieces
 43148 | Depths:4 | Noticed an ancient lich
 43166 | Depths:4 | Killed an ancient lich
 43266 | Depths:4 | Noticed Frederick
 43298 | Depths:4 | Killed Frederick
 43780 | Depths:4 | Paralysed by a floating eye for 3 turns
 43789 | Depths:4 | Paralysed by a floating eye for 2 turns
 43796 | Depths:4 | Paralysed by a floating eye for 4 turns
 43839 | Depths:4 | Paralysed by a floating eye for 4 turns
 44140 | Depths:3 | Voluntarily entered the Abyss.
 44161 | Abyss:1  | Got a pitted golden ring
 44162 | Abyss:1  | Identified the ring "Plog" {rElec rN+ Str+5 Int+4} (You found it on level 1 of the Abyss)
 44327 | Abyss:3  | Found a corrupted altar of Lugonu.
 44700 | Abyss:3  | Reached XP level 26. HP: 195/195 MP: 38/38
 44760 | Abyss:3  | Got an abyssal rune of Zot
 44969 | Depths:3 | Escaped the Abyss
 45033 | Zot:1    | Entered Level 1 of the Realm of Zot
 46635 | Zot:3    | HP: 2/251 [golden dragon (22)]
 46636 | Zot:3    | Demolished by a golden dragon

Skill      XL: |  1  2  3  4  5  6  7  8  9 10 11 12 13 14 15 16 17 18 19 20 21 22 23 24 25 26 |
---------------+-------------------------------------------------------------------------------+-----
Axes           | 3 4 5 6 8 9 11 12 13 16 17 18 20 21 23 25 26 27 | 27.0
Fighting       | 4 6 8 10 12 13 14 15 16 17 18 20 21 23 | 23.6
Invocations    | 8 11 12 13 14 15 16 17 20 21 22 | 22.3
Armour         | 7 11 12 13 14 15 16 17 18 19 20 21 | 21.7
Dodging        | 3 5 7 8 9 10 11 12 13 15 17 | 17.2
Shields        | |  3.2

Action                   |  1- 3 |  4- 6 |  7- 9 | 10-12 | 13-15 | 16-18 | 19-21 | 22-24 | 25-27 || total
-------------------------+-------+-------+-------+-------+-------+-------+-------+-------+-------++-------
Melee: War axe           |    81 |   135 |   388 |     3 |    44 |    63 |       |       |       ||   714
       Battleaxe         |       |       |       |   586 |   883 |   642 |       |       |       ||  2111
       Executioner's axe |       |       |       |       |       |   588 |  1662 |   980 |  1073 ||  4303
Invok: Minor Destruction |       |       |       |     7 |     9 |    66 |     5 |     2 |       ||    89
       Lesser Servant of |       |       |       |     2 |     2 |       |       |     2 |       ||     6
       Major Destruction |       |       |       |     3 |       |     7 |       |     1 |       ||    11
       Greater Servant o |       |       |       |       |     2 |     2 |     1 |       |       ||     5
Evoke: Wand              |       |       |       |    13 |     9 |     5 |       |       |     2 ||    29
  Use: Scroll            |       |       |     9 |    14 |    11 |    23 |     6 |     7 |     6 ||    76
       Potion            |       |       |     2 |     3 |     2 |     2 |       |     4 |     2 ||    15
 Stab: Paralysed         |       |       |       |     7 |     4 |       |       |       |       ||    11
       Distracted        |       |       |       |     1 |     1 |       |       |     2 |       ||     4
       Sleeping          |       |       |       |     2 |       |       |       |       |       ||     2
       Invisible         |       |       |       |       |     3 |       |       |       |       ||     3
       Confused          |       |       |       |       |       |     4 |       |       |       ||     4
  Eat: Chunk             |     1 |     4 |    10 |    25 |    10 |    19 |    14 |    15 |    10 ||   108
       Ration            |       |       |     1 |     1 |     4 |     5 |     3 |     1 |     2 ||    17
Armor: Scale mail        |    59 |    73 |    82 |       |       |       |       |       |       ||   214
       Ring mail         |       |       |    77 |   233 |    12 |       |       |       |       ||   322
       Leather armour    |       |       |       |       |   356 |   834 |    13 |       |       ||  1203
       Chain mail        |       |       |       |       |       |       |   799 |   667 |       ||  1466
       Storm dragon scal |       |       |       |       |       |       |       |    35 |   701 ||   736
Dodge: Dodged            |    52 |    61 |   159 |   264 |   533 |   946 |   831 |   862 |   931 ||  4639
